 Dungeon Crawl Stone Soup version 0.27.1-1-g398f81649c (webtiles) character file.

Game seed: 4534811089792705829

3021 wowus the Thaumaturge (level 9, -9/49 (51) HPs)
             Began as a Deep Elf Fire Elementalist on Sept 15, 2021.
             Blown up by Joseph (30 damage)
             ... with a mindburst bolt
             ... on level 7 of the Dungeon.
             The game lasted 00:31:07 (9243 turns).

wowus the Thaumaturge (Deep Elf Fire Elementalist)  Turns: 9243, Time: 00:31:07

HP:   -9/49 (51)    AC:  4    Str:  5    XL:     9   Next: 55%
MP:   18/23         EV: 14    Int: 24    God:
Gold: 154           SH:  0    Dex: 15    Spells: 18/25 levels left

rFire    x . .     SeeInvis .   d - +1 dagger
rCold    + . .     Faith    .   (no shield)
rNeg     . . .     Spirit   .   a - +0 robe
rPois    .         Reflect  .   (no helmet)
rElec    .         Harm     .   (no cloak)
rCorr    .         Rampage  .   k - +1 pair of gloves
Will     +....                  (no boots)
Stlth    ++........             s - amulet of the acrobat
HPRegen  0.16/turn              h - ring of ice
MPRegen  0.18/turn              c - ring of willpower

@: lightly drained
A: no striking features
a: no special abilities


You were on level 7 of the Dungeon.
You visited 1 branch of the dungeon, and saw 7 of its levels.

You collected 154 gold pieces.

Inventory:

Hand Weapons
 d - a +1 dagger (weapon)
Armour
 a - a +0 robe (worn)
 k - a +1 pair of gloves (worn)
Jewellery
 c - a ring of willpower (right hand)
 h - a ring of ice (left hand)
 r - a +6 ring of dexterity
 s - an amulet of the acrobat (around neck)
Wands
 g - a wand of acid (2)
 l - a wand of polymorph (7)
Scrolls
 b - a scroll of brand weapon {unknown}
 i - 4 scrolls of teleportation
 m - a scroll of holy word {unknown}
 n - a scroll of magic mapping {unknown}
 o - 2 scrolls of amnesia {unknown}
 p - a scroll of immolation {unknown}
 q - 2 scrolls of noise {unknown}
 u - a scroll of enchant armour
Potions
 f - 2 potions of might
 j - 2 potions of resistance
 t - a potion of heal wounds
 v - a potion of curing
 w - a potion of flight {unknown}
 x - a potion of attraction {unknown}


   Skills:
 + Level 3.5 Fighting
 + Level 6.0 Dodging
 - Level 2.4 Stealth
 * Level 8.7 Spellcasting
 * Level 6.8 Conjurations
 + Level 5.5 Hexes
 * Level 7.6 Fire Magic


You had 18 spell levels left.
You knew the following spells:

 Your Spells              Type           Power      Damage    Failure   Level
a - Foxfire               Conj/Fire      100%       2x1d9     1%          1
b - Conjure Flame         Conj/Fire      45%        6-21      1%          3
c - Inner Flame           Hex/Fire       42%        N/A       1%          3

Your spell library contained the following spells:

 Spells                   Type           Power      Damage    Failure   Level
 Sticky Flame             Conj/Fire      45%        2d6       3%          4
 Fireball                 Conj/Fire      22%        3d10      9%          5


Dungeon Overview and Level Annotations

Branches:
Dungeon (7/15)
 Temple: D:4-7

Altars:
Kikubaaqudgha
Vehumet

Shops:
D:4 (

Annotations:
D:3 exclusion: statue
D:7 Joseph


Message History

You conjure some foxfire!
The foxfire hits Joseph.
Joseph is heavily wounded.
The foxfire hits Joseph.
Joseph is heavily wounded.
The foxfire hits Joseph.
Joseph is heavily wounded.
Joseph shoots a sling bullet.
The sling bullet hits you!
Casting: Foxfire (safe; 1% risk of failure)
Confirm with . or Enter, or press ? or * to list all spells.
You conjure some foxfire!
The foxfire hits Joseph.
Joseph is severely wounded.
The foxfire hits Joseph.
Joseph is severely wounded.
Joseph shoots a sling bullet.
The sling bullet closely misses you.
Casting: Foxfire (safe; 1% risk of failure)
Confirm with . or Enter, or press ? or * to list all spells.
You conjure some foxfire!
The foxfire hits Joseph.
Joseph is severely wounded.
The foxfire hits Joseph.
Joseph is severely wounded.
Joseph shoots a sling bullet.
The sling bullet closely misses you.
Casting: Foxfire (safe; 1% risk of failure)
Confirm with . or Enter, or press ? or * to list all spells.
You conjure some foxfire!
The foxfire hits Joseph but does no damage.
Joseph is severely wounded.
The foxfire hits Joseph.
Joseph is almost dead.
Joseph unwields a +0 hunting sling.
Joseph wields a +0 quarterstaff of draining.
You sense an unholy aura.
Joseph hits you with a +0 quarterstaff of draining!
You feel drained.
Casting: Foxfire (safe; 1% risk of failure)
Confirm with . or Enter, or press ? or * to list all spells.
You conjure some foxfire!
Joseph zaps a wand.
Your mind is blasted!
Ouch! That really hurt!
You die...

#...#....
##........
..........
......... #
......... #.
#........
####..##v@......
.......<@.......
.....[##v..##...
####. #...# #
#....# .../.#
.....# #...##
#...#


You could see Joseph (ally target).

Vanquished Creatures
  The ghost of NineInchNils the Bolt Thrower, a novice MiHu of the Shining One (D:6)
  The ghost of NineInchNils the Covert, a novice OpBr of Trog (D:5)
  The ghost of H0rd4k the Insei, a novice OpTm of Gozag (D:6)
  A steam dragon (D:6)
  A water moccasin (D:6)
  2 black bears (D:6)
  2 necrophages (D:6)
  3 phantoms
  2 centaurs
  2 scorpions (D:5)
  A water moccasin skeleton (D:6)
  4 wights (D:5)
  A howler monkey (D:5)
  2 hounds
  2 jellies (D:4)
  2 bullfrog skeletons (D:4)
  Jessica (D:2)
  2 iguanas
  2 orc wizards (D:6)
  2 hound skeletons
  9 adders
  4 gnolls
  A worm (D:2)
  2 dart slugs
  10 orcs
  A ball python (D:1)
  6 endoplasms
  3 giant cockroaches
  3 goblins
  6 hobgoblins
  2 jackals (D:3)
  3 quokkas (D:1)
  6 bats
  4 frilled lizards
  4 kobolds
  5 rats
104 creatures vanquished.

Vanquished Creatures (collateral kills)
  A foxfire (D:6)
1 creature vanquished.

Vanquished Creatures (others)
  476 foxfires
  A withered plant (D:6)
477 creatures vanquished.

Grand Total: 582 creatures vanquished

Notes
Turn   | Place    | Note
-------+----------+-------------------------------------------
     0 | D:1      | wowus the Deep Elf Fire Elementalist began the quest for
                  | the Orb.
     0 | D:1      | Reached XP level 1. HP: 10/10 MP: 6/6
   442 | D:1      | Reached XP level 2. HP: 15/15 MP: 6/8
  1278 | D:2      | Reached XP level 3. HP: 18/20 MP: 7/10
  1282 | D:2      | Learned a level 3 spell: Conjure Flame
  1619 | D:2      | Noticed Jessica
  1626 | D:2      | Killed Jessica
  1627 | D:2      | Reached skill level 4 in Spellcasting
  1627 | D:2      | Reached XP level 4. HP: 24/24 MP: 6/12
  2699 | D:3      | Found a radiant altar of Vehumet.
  2699 | D:3      | Noticed a frost-covered statue
  3363 | D:4      | Reached XP level 5. HP: 27/28 MP: 9/13
  3416 | D:4      | Reached skill level 1 in Fighting
  4433 | D:4      | Reached skill level 5 in Spellcasting
  4433 | D:4      | Reached XP level 6. HP: 34/34 MP: 10/15
  4513 | D:4      | Found Neygyule's Antique Weapon Emporium.
  4597 | D:4      | Reached skill level 5 in Fire Magic
  5147 | D:4      | Reached XP level 7. HP: 39/39 MP: 9/17
  5310 | D:4      | Learned a level 3 spell: Inner Flame
  5328 | D:5      | Entered Level 5 of the Dungeon
  5393 | D:5      | Reached skill level 1 in Hexes
  5639 | D:5      | Reached skill level 6 in Spellcasting
  6769 | D:5      | Reached XP level 8. HP: 45/45 MP: 16/19
  7018 | D:6      | Found a runed translucent gate.
  7139 | D:6      | Reached skill level 5 in Conjurations
  7702 | D:6      | Found an ancient bone altar of Kikubaaqudgha.
  7757 | D:6      | Reached skill level 7 in Spellcasting
  7874 | D:6      | Reached skill level 5 in Dodging
  8525 | D:6      | Found a runed translucent gate.
  8528 | D:6      | Noticed NineInchNils's ghost (novice OpBr)
  8528 | D:6      | Noticed H0rd4k's ghost (novice OpTm)
  8528 | D:6      | Noticed NineInchNils's ghost (novice MiHu)
  8529 | D:6      | Found a runed translucent gate.
  8628 | D:5      | Killed NineInchNils's ghost
  8629 | D:5      | Reached skill level 8 in Spellcasting
  8629 | D:5      | Reached XP level 9. HP: 47/51 MP: 17/23
  8700 | D:6      | Killed H0rd4k's ghost
  8701 | D:6      | Reached skill level 5 in Hexes
  8768 | D:6      | Killed NineInchNils's ghost
  9226 | D:7      | Noticed Joseph
  9243 | D:7      | Blown up by Joseph

Illustrated notes

Levels and vault maps discovered:
D:1:      dpeg_arrival_pits, layout_loops_corners, roderic_lattice_a
D:2:      layout_loops_cross, uniq_jessica
D:3:      wander_river, layout_basic, vehumet_statue
D:4:      layout_loops_corners, serial_shops, shop,
          minmay_misc_feat_four_crosses, grunt_ministairs_8
D:5:      layout_rooms
D:6:      layout_loops_corners, kiku_gazebo_garden_becter,
          gammafunk_ghost_cemetery, st_stairs_3
D:7:      layout_gridville, minmay_temple_entry_statues_pillars, serial_shops,
          nicolae_diamond_shop, item_on_display_a, uniq_joseph, uniq_harold

Skill      XL: |  1  2  3  4  5  6  7  8  9 |
---------------+----------------------------+-----
Conjurations   | 2 3 4 6 |  6.8
Spellcasting   | 4 5 6 8 |  8.7
Fire Magic     | 4 5 7 |  7.6
Dodging        | 3 4 5 6 |  6.0
Fighting       | 1 2 3 |  3.5
Hexes          | 3 4 5 |  5.5
Stealth        | |  2.4

Action                   |  1- 3 |  4- 6 |  7- 9 || total
-------------------------+-------+-------+-------++-------
 Cast: Foxfire           |    62 |    93 |   122 ||   277
       Conjure Flame     |     2 |    10 |    21 ||    33
  Use: Scroll            |       |     7 |     4 ||    11
       Potion            |       |       |     1 ||     1
Armor: Robe              |       |     4 |     7 ||    11
Dodge: Dodged            |     6 |    24 |    35 ||    65
